Cogmind - Beta 15 --- EXPLORER MODE // 2025.10.20 @ 00:08:55 Player: time Result: Destroyed by S-43 Plague with Heavy Machine Gun Performance ------------- Evolutions (7) 3500 Regions Visited (11) 2200 Robots Destroyed (123) 615 Value Destroyed (4596) 4596 Prototype IDs (43) 860 Alien Tech Used (0) 0 Bonus (802) 802 TOTAL SCORE: 12573 Bonus ------- Follower Combat Kills 544 Aligned with FarCom 300 Friendly Fire -42 Cogmind --------- Core Integrity 0/1300 Matter 49/300 Energy 55/100 System Corruption 29% Temperature Cool (0) Movement Core (50) Location -3/Research Parts ------- > --- POWER (3) -------- (None) > --- PROPULSION (6) --- (None) > --- UTILITY (10) ----- Advanced Signal Interpreter Jamming Amplifier > --- WEAPON (3) ------- (None) > --- INVENTORY (5) ---- Particle Reactor Experimental Energy Well (215) Dispersion Rifle Improved Remote Datajack Peak State ------------ > --- POWER ------------ Micro Fission Core Light Antimatter Reactor Micro Antimatter Reactor > --- PROPULSION ------- Field Propulsion Array Impulse Thruster Array Impulse Thruster Array > --- UTILITY ---------- Advanced Heat Sink Improved Cooling System Medium Storage Unit Advanced Target Analyzer Advanced Target Analyzer Improved Transmission Jammer Advanced Transmission Jammer Jamming Amplifier Jamming Amplifier Improved Propulsion Shielding > --- WEAPON ----------- Heavy Gatling Laser Ion Burst Cannon Power Sword > --- INVENTORY -------- Light Angular Momentum Engine Light Angular Momentum Engine Neutrino Core Impulse Thruster Diametric Drive Electron Diverter Neutron Cannon Fusion Bomb Launcher Improved Remote Datajack [Rating: 141] Favorites ----------- Power Light Angular Momentum Engine Engine Light Angular Momentum Engine Power Core Micro Nuclear Core Reactor Light Antimatter Reactor Propulsion Carbon-fiber Leg Leg Carbon-fiber Leg Wheel Compact Wheel Flight Unit Impulse Thruster Utility Medium Storage Unit Device Improved Cooling System Storage Medium Storage Unit Processor Jamming Amplifier Hackware Improved Hacking Suite Protection Core Shielding Weapon Advanced Beam Rifle Energy Gun Advanced Beam Rifle Energy Cannon Advanced Beam Cannon Ballistic Gun Light Assault Rifle Ballistic Cannon Heavy Flak Cannon Launcher Fusion Bomb Launcher Special Weapon Plasma Flamer Slashing Weapon Power Sword Piercing Weapon Enhanced Force Lance Build | -11 -10 -10 -10 -9 -8 -7 -6 -6 -5 -4 -3 ------- Run | Yrd Mat Min Exi Min Mat Fac Fac Ext Fac Fac Res Slots Evolved 15 | . 1 . . . 4 2 2 . 2 2 2 Power 2 | . . . . . . 1 . . 1 . . Propulsion 4 | . . . . . 2 . 2 . . . . Utility 8 | . 1 . . . 2 1 . . . 2 2 Weapon 1 | . . . . . . . . . 1 . . Parts Attached 148 | 10 . 8 1 3 14 17 39 6 12 9 29 Power 28 | 1 . 1 . 1 2 2 9 2 2 1 7 Engine 15 | 1 . 1 . 1 1 1 6 2 1 . 1 Core 7 | . . . . . 1 1 2 . 1 . 2 Reactor 6 | . . . . . . . 1 . . 1 4 Propulsion 39 | 2 . 3 . 1 5 3 15 1 1 4 4 Treads . | . . . . . . . . . . . . Leg 18 | 2 . . . . 5 3 8 . . . . Wheel 4 | . . 3 . 1 . . . . . . . Hover . | . . . . . . . . . . . . Flight 17 | . . . . . . . 7 1 1 4 4 Utility 47 | 4 . 2 . 1 4 8 7 2 3 3 13 Device 28 | 2 . 2 . 1 2 5 2 2 2 1 9 Storage 2 | 1 . . . . . . . . . . 1 Processor 7 | . . . . . . 1 2 . 1 . 3 Hackware 4 | . . . . . . . 3 . . 1 . Protection 6 | 1 . . . . 2 2 . . . 1 . Artifact . | . . . . . . . . . . . . Weapon 34 | 3 . 2 1 . 3 4 8 1 6 1 5 Energy Gun 12 | 1 . . 1 . . 3 . 1 3 1 2 Energy Cannon 4 | . . . . . . 1 . . 2 . 1 Ballistic Gun 8 | 2 . 1 . . 2 . 2 . 1 . . Ballistic Cannon 2 | . . . . . . . 2 . . . . Launcher 3 | . . . . . 1 . 2 . . . . Special Weapon 3 | . . 1 . . . . 1 . . . 1 Impact Weapon . | . . . . . . . . . . . . Slashing Weapon 1 | . . . . . . . 1 . . . . Piercing Weapon 1 | . . . . . . . . . . . 1 Special Melee Weapon . | . . . . . . . . . . . . Unidentified Prototypes 19 | . . . . 1 1 3 4 . 5 1 4 Parts Lost 42 | . . 3 . . . 1 5 . . . 33 Power 6 | . . . . . . . 1 . . . 5 Propulsion 7 | . . 1 . . . . 1 . . . 5 Utility 20 | . . 1 . . . 1 2 . . . 16 Weapon 9 | . . 1 . . . . 1 . . . 7 Highest Loss Streak 10 | . . 2 . . . 1 3 . . . 10 To Critical Strikes . | . . . . . . . . . . . . Average Backups 8 | 4 4 8 9 9 8 8 8 8 9 9 8 Power 1 | . 1 1 1 1 . 1 1 1 1 1 . Propulsion 2 | . 1 2 3 3 1 1 2 1 1 2 2 Utility 1 | 1 1 2 2 2 2 1 . . 1 . . Weapon 3 | . 1 1 3 3 4 4 3 4 4 4 3 Tool/Special . | . . . . . . . . . . . . Unused Backups 16 | . 1 2 1 2 1 1 2 . 1 2 3 Power 1 | . . . . . . . . . . . 1 Propulsion 4 | . . 1 . . . . . . . 2 1 Utility 3 | . . . 1 1 . . . . . . 1 Weapon 8 | . 1 1 . 1 1 1 2 . 1 . . Tool/Special . | . . . . . . . . . . . . Average Slot Usage (%) 90 | . 100 100 90 87 88 98 93 94 92 88 63 Engine 9 | . 12 12 11 12 2 7 11 12 13 8 . Core 2 | . . . . . 5 6 . . 2 5 1 Leg 15 | . 25 8 . . 32 28 23 . . . . Wheel 4 | . . 16 25 25 . . . . . . . Flight 8 | . . . . . . . 8 37 33 25 12 Device 14 | . 12 12 12 12 7 13 18 17 16 14 13 Storage 7 | . 12 12 12 12 8 7 6 6 5 5 4 Processor 4 | . . . . . . 2 3 12 11 10 13 Hackware 2 | . . . . . . . 5 . . 5 . Protection 7 | . 12 12 12 12 21 17 1 . . 4 2 Energy Gun 4 | . . . 8 12 6 10 2 3 7 3 1 Ballistic Gun 2 | . 25 18 3 . 1 . . . . . . Ballistic Cannon 2 | . . . . . . . 8 . . . . Special Weapon 1 | . . 6 3 . . . . 1 . . . Peak Build Rating 141 | 7 8 13 23 33 44 56 92 92 106 113 141 Average Rating 60 | 6 8 10 20 30 37 48 74 87 97 103 108 On Entrance 44 | . 7 8 13 23 32 31 56 79 84 95 102 Naked Turns . | . . . . . . . . . . . . Heaviest Build 63 | 19 20 22 25 27 41 47 56 51 51 63 59 Greatest Support 113 | 20 20 32 32 32 57 73 113 47 49 52 56 Greatest Overweight (x) 15 | 4 . 1 . . . . 15 1 1 1 3 Average Overweight (x) . | . . . . . . . . . . . . Largest Inventory Capacity 10 | 10 10 10 10 10 10 10 10 10 10 10 10 Average Capacity 9 | 9 10 10 10 10 10 10 10 10 10 10 9 Most Carried 10 | 5 5 10 10 10 10 10 10 10 10 10 10 Average Carried 9 | 4 4 8 9 9 9 9 9 8 9 9 8 Final Capacity 10 | 10 10 10 10 10 10 10 10 10 10 10 5 Final Carried 10 | 5 5 9 10 9 10 10 10 8 10 10 4 Class Distribution -------------------- 75% | Hacker-Mutant 7% | Hacker-Sprinter 5% | Hacker-Skirmisher 4% | Hacker-Scout 4% | Scavenger-Mutant Dominant Class ---------------- Hacker-Mutant | -10/Materials Hacker-Mutant | -10/Mines Hacker-Mutant | -10/Exiles Hacker-Skirmisher | -9/Mines Hacker-Mutant | -8/Materials Hacker-Mutant | -7/Factory Hacker-Mutant | -6/Factory Hacker-Scout | -6/Extension Hacker-Sprinter | -5/Factory Hacker-Sprinter | -4/Factory Scavenger-Mutant | -3/Research Resources | -11 -10 -10 -10 -9 -8 -7 -6 -6 -5 -4 -3 ----------- Run | Yrd Mat Min Exi Min Mat Fac Fac Ext Fac Fac Res Matter Collected 3669 | 328 92 302 10 101 208 125 1251 476 229 109 438 Remotely . | . . . . . . . . . . . . Salvage Created 4753 | 126 41 186 . 97 193 364 1143 863 628 49 1063 Parts 216 | 5 5 7 . 5 11 20 59 30 18 . 56 Haulers Intercepted 6 | . . . . . 1 . 1 2 2 . . Recyclers Shooed 5 | . . . . . . . 3 . . . 2 Parts Field Recycled . | . . . . . . . . . . . . Retrieved Matter . | . . . . . . . . . . . . Parts Self-Destructed . | . . . . . . . . . . . . Prevented . | . . . . . . . . . . . . Kills | -11 -10 -10 -10 -9 -8 -7 -6 -6 -5 -4 -3 ------- Run | Yrd Mat Min Exi Min Mat Fac Fac Ext Fac Fac Res Combat Hostiles Destroyed 103 | . 3 21 . 3 6 9 29 5 9 1 17 Melee 8 | . . . . . . . . 1 1 . 6 Guns 49 | . 3 14 . 3 4 8 7 3 5 . 2 Cannons 34 | . . 7 . . . 1 18 . 3 1 4 AOE 12 | . . . . . 2 . 4 1 . . 5 Classes Destroyed 16 | 2 1 1 . 1 3 1 6 1 . . . Worker 6 | . . . . . . . 5 1 . . . Builder 4 | . . . . . 1 . . 1 . . 2 Tunneler 3 | 2 . . . . . . . . . . 1 Hauler 6 | . . . . . 1 . 1 2 2 . . Recycler 7 | 1 . . . . . . . 3 . . 3 Operator 4 | . . . . . . . 1 1 1 . 1 Watcher 8 | . . . . . 1 . 4 2 . . 1 Swarmer 28 | . 3 3 . 1 5 3 2 . 5 . 6 Grunt 19 | . . . . 2 1 1 8 1 1 . 5 Brawler 3 | . . . . . . . 2 . 1 . . Duelist 2 | . . . . . . . 2 . . . . Sentry 9 | . . . . . . . 3 3 1 1 1 Hunter 3 | . . . . . . . 3 . . . . Programmer 20 | . . . . . . 5 9 . 1 . 5 Behemoth 1 | . . . . . . . . 1 . . . Assembled 18 | . . 18 . . . . . . . . . Best Kill Streak 8 | 3 2 3 . 2 6 4 8 5 3 1 7 Combat Bots Only 5 | . 2 3 . 2 3 4 5 1 3 1 4 Max Kills in Single Turn 4 | 1 1 2 . 1 4 1 3 3 1 1 4 Gunslinging . | . . . . . . . . . . . . Exploded 3 | . . . . . 2 . 2 1 . . 3 Melee 1 | . . . . . . . . 1 1 . 1 Uniques/NPCs Destroyed . | . . . . . . . . . . . . Combat | -11 -10 -10 -10 -9 -8 -7 -6 -6 -5 -4 -3 -------- Run | Yrd Mat Min Exi Min Mat Fac Fac Ext Fac Fac Res Hostile Shots Fired 788 | . 13 76 . 7 14 65 226 104 18 6 259 Missed 271 | . 6 19 . 3 4 15 94 55 5 2 68 Hits 517 | . 7 57 . 4 10 50 132 49 13 4 191 Melee 17 | . . 16 . . . . 1 . . . . Projectile 500 | . 7 41 . 4 10 50 131 49 13 4 191 AOE 2 | . . 2 . . . . . . . . . Critical Strikes 22 | . . . . . . 5 . . . . 17 Actively Blocked 1 | . . . . . . . . . . . 1 Part Disruptions 4 | . . . . . . 1 . . . . 3 Damage Taken 7506 | . 37 632 . 30 56 486 1522 320 162 76 4185 Core 1831 | . 9 120 . 4 16 35 234 79 7 17 1310 Absorbed by Shields 148 | . . . . . . . 41 107 . . . Redirected to Shielding 151 | . 2 23 . 1 2 3 . . . 9 111 Ignored by Resistances 3740 | . 24 380 . 19 39 315 676 269 101 45 1872 Regen/Repaired (Parts) 127 | . . . . . . 76 33 . . 18 . Core Remaining (%) 85 | 100 . . . 46 97 95 . 63 99 98 . Volleys Fired 258 | 7 8 60 . . 6 29 85 7 9 5 42 Largest 3 | 2 2 2 . . 2 2 2 2 3 3 3 Hottest 290 | 40 40 120 . . 58 129 116 96 235 290 290 Shots Fired 584 | 14 16 116 . 11 22 58 162 46 54 11 74 Gun 365 | 14 16 89 . 11 20 44 55 35 48 3 30 Cannon 163 | . . . . . . 14 98 4 6 8 33 Launcher 21 | . . . . . 2 . 7 4 . . 8 Special 35 | . . 27 . . . . 2 3 . . 3 Kinetic 241 | 14 16 89 . . 10 . 108 4 . . . Thermal 286 | . . 27 . 11 10 43 41 35 48 11 60 Explosive 21 | . . . . . 2 . 7 4 . . 8 Electromagnetic 28 | . . . . . . 15 4 . 6 . 3 Robot Hit Streak 50 | 12 13 19 . 6 23 16 35 30 50 19 25 Robot Miss Streak 5 | . 1 1 . 1 2 1 5 1 2 2 2 Penetration Max . | . . . . . . . . . . . . Secondary Targets 1 | . . 1 . . . . . . . . . Max Gunslinging Chain 1 | . . 1 . . . . . . . . . Autonomous 90 | . . . . 11 10 . . 35 34 . . Shots Hit Robots 511 | 12 14 96 . 9 18 44 134 51 58 11 64 Core Hits 318 | 6 5 41 . 4 11 17 121 29 20 4 60 Critical Kills 1 | . . . . . . . . . 1 . . Critical Parts Destroyed 1 | . . . . . . . . . . . 1 Critical Strikes 22 | . . 3 . . . 3 7 1 5 . 3 Burn 8 | . . 3 . . . 3 2 . . . . Destroy 2 | . . . . . . . . . 1 . 1 Blast 5 | . . . . . . . 5 . . . . Corrupt 2 | . . . . . . . . . 2 . . Sever 3 | . . . . . . . . 1 2 . . Impale 2 | . . . . . . . . . . . 2 Melee Attacks 46 | . . . . . . . . 7 8 . 31 Impact . | . . . . . . . . . . . . Slashing 18 | . . . . . . . . 7 8 . 3 Piercing 28 | . . . . . . . . . . . 28 Sneak Attacks 8 | . . . . . . . . 2 3 . 3 Combat Hostiles 1 | . . . . . . . . . 1 . . Follow-up Attacks . | . . . . . . . . . . . . Damage Inflicted 16312 | 111 135 1095 . 265 567 859 4620 2350 1880 492 3938 Guns 6222 | 111 135 783 . 265 413 629 874 928 1188 138 758 Cannons 4380 | . . . . . . 216 2599 171 233 319 842 Explosions 3634 | . . . . . 152 . 1053 850 . 35 1544 Melee 1654 | . . . . . . . . 401 459 . 794 Ramming 113 | . . 3 . . 2 14 94 . . . . Kinetic 4102 | 111 135 783 . . 129 . 2773 171 . . . Thermal 6658 | . . 309 . 265 284 826 660 928 1350 457 1579 Explosive 3599 | . . . . . 152 . 1053 850 . . 1544 Electromagnetic 186 | . . . . . . 19 40 . 71 35 21 Impact . | . . . . . . . . . . . . Slashing 971 | . . . . . . . . 401 459 . 111 Piercing 683 | . . . . . . . . . . . 683 Highest Corruption 29 | . . 6 6 6 . 1 4 4 . . 29 Average Corruption 4 | . . 5 6 6 . 1 1 4 . . 7 Corruption Purged 4 | . . . . . . 3 1 . . . . Corruption Blocked . | . . . . . . . . . . . . Effects 94 | . . 9 16 15 . . 10 14 . . 30 Message Errors 25 | . . 3 7 3 . . 2 3 . . 7 Matter Fused 17 | . . 1 3 5 . . 3 2 . . 3 Heat Flow Errors 9 | . . . 2 2 . . 2 1 . . 2 Energy Discharges 8 | . . 2 1 2 . . . 2 . . 1 Parts Fused 3 | . . 1 1 . . . . . . . 1 Data Loss (minor) 13 | . . 1 1 1 . . 1 5 . . 4 Data Loss (major) 4 | . . . 1 1 . . 1 . . . 1 Misfires 3 | . . 1 . . . . . . . . 2 Alerts 3 | . . . . 1 . . . 1 . . 1 Misdirections 5 | . . . . . . . . . . . 5 Weapon Failures 4 | . . . . . . . 1 . . . 3 Overload Shots . | . . . . . . . . . . . . Overflow Damage 399 | . . . . . . 5 4 43 . . 347 Projectiles 10 | . . . . . . 5 1 . . . 4 Explosions 172 | . . . . . . . 3 34 . . 135 Melee 217 | . . . . . . . . 9 . . 208 Knockbacks 44 | . . . . . . . 44 . . . . Impact 2 | . . . . . . . 2 . . . . Kinetic 42 | . . . . . . . 42 . . . . Secondary . | . . . . . . . . . . . . Self-Inflicted Damage 299 | . . . . . . . 42 . . 16 241 Shots 10 | . . . . . . . 1 . . 1 8 Rammed 1 | . . . . . . . 1 . . . . Targets Rammed 11 | . . 2 . . 1 2 6 . . . . Kicked 10 | . . 2 . . 1 2 5 . . . . Crushed . | . . . . . . . . . . . . Highest Temperature 666 | . . 360 188 228 40 666 206 453 390 440 645 Average Temperature 143 | . . 112 88 121 21 209 67 133 155 189 173 Received Heat Transfer 878 | . . 200 . 18 27 18 240 102 36 18 219 Effects 45 | . . 2 . . . 16 . 12 5 3 7 Shutdowns 14 | . . 1 . . . 4 . 4 2 2 1 Energy Bleed 3 | . . . . . . 1 . . . 1 1 Interference 17 | . . . . . . 4 . 7 3 . 3 Matter Decay 3 | . . 1 . . . . . 1 . . 1 Short Circuit 2 | . . . . . . 1 . . . . 1 Damage (minor) 3 | . . . . . . 3 . . . . . Damage (major) 3 | . . . . . . 3 . . . . . Siege Activations . | . . . . . . . . . . . . Martial Activations . | . . . . . . . . . . . . Shielding Activations . | . . . . . . . . . . . . Robots Disrupted 1 | . . 1 . . . . . . . . . Combat Hostiles 1 | . . 1 . . . . . . . . . Robots Corrupted . | . . . . . . . . . . . . Combat Hostiles . | . . . . . . . . . . . . Parts Fried 1 | . . . . . . . . . 1 . . Impact Corruptions . | . . . . . . . . . . . . Robots Melted . | . . . . . . . . . . . . Combat Hostiles . | . . . . . . . . . . . . Parts Melted 23 | . . . . . 1 11 1 1 3 1 5 Heat Transferred 10809 | . . 2320 . 333 370 1517 1295 1184 1693 475 1622 Parts Sabotaged . | . . . . . . . . . . . . Parts Stolen . | . . . . . . . . . . . . Parts Stripped . | . . . . . . . . . . . . Power Chain Reactions 1 | . . . . . . . . . . 1 . Alert | -11 -10 -10 -10 -9 -8 -7 -6 -6 -5 -4 -3 ------- Run | Yrd Mat Min Exi Min Mat Fac Fac Ext Fac Fac Res Maximum Alert Level 1 | . . . . . . . . . 1 . . Low Security (%) 99 | 100 100 100 . 100 100 100 100 100 94 100 100 Level 1 . | . . . . . . . . . 5 . . Level 2 . | . . . . . . . . . . . . Level 3 . | . . . . . . . . . . . . Level 4 . | . . . . . . . . . . . . Level 5 . | . . . . . . . . . . . . High Security . | . . . . . . . . . . . . Max Security . | . . . . . . . . . . . . Peak Influence 226 | 5 50 67 . 50 91 86 163 180 226 47 162 Initial 28 | . . 5 . . 5 8 . 5 28 18 5 Average 20 | . 6 3 . 2 10 6 11 70 93 9 44 Influence Increases 3857 | 15 79 132 . 72 201 265 992 481 603 131 886 Destroy 0b10 Robot/C 2080 | . 60 100 . 60 120 180 580 260 360 20 340 Destroy 0b10 Robot/NC 200 | 15 . . . . 15 . 60 55 15 . 40 Destroy Leader 514 | . 10 30 . 10 24 60 210 34 74 10 52 Allied During Kill 106 | . . 2 . . . . 1 51 52 . . Successful Hack 229 | . 9 . . . 10 24 53 28 28 24 53 Disable Machine 28 | . . . . . 4 . 8 8 4 . 4 Destroy Structure 310 | . . . . 2 13 1 50 30 10 2 202 Partial Spotted 105 | . . . . . . . . . 30 75 . Lose Combat Pursuer 285 | . . . . . 15 . 30 15 30 . 195 Influence Decreases 3807 | 15 59 152 . 52 195 291 977 415 631 169 851 Entered New Map 156 | . . 15 . . 15 18 . 10 53 35 10 Time Decay 3025 | 15 59 97 . 52 180 273 890 385 418 102 554 Lost Part 272 | . . . . . . . 37 . . . 235 Lost Ally 275 | . . 40 . . . . 35 20 160 . 20 Purge Threat 79 | . . . . . . . 15 . . 32 32 Squads Dispatched 32 | . . . . . . 6 13 1 4 1 7 Investigation 8 | . . . . . . 1 4 1 1 . 1 Extermination 17 | . . . . . . 4 8 . 1 1 3 Reinforcement 7 | . . . . . . 1 1 . 2 . 3 Assault . | . . . . . . . . . . . . Garrison . | . . . . . . . . . . . . Intercept . | . . . . . . . . . . . . Searches Triggered . | . . . . . . . . . . . . Construction Impeded 3 | . . . . . . . . . 1 . 2 Haulers Reinforced 1 | . . . . . . . . . 1 . . Active Scanning Responses . | . . . . . . . . . . . . Cargo Convoy Interrupts . | . . . . . . . . . . . . Stealth | -11 -10 -10 -10 -9 -8 -7 -6 -6 -5 -4 -3 --------- Run | Yrd Mat Min Exi Min Mat Fac Fac Ext Fac Fac Res Distress Signals 15 | . 1 . . . 1 . 3 1 3 . 6 Communications Jammed 43 | . . . . . . . 29 . 3 . 11 Distress Signals 40 | . . . . . . . 26 . 3 . 11 Times Spotted 181 | . 6 31 . 4 8 12 43 14 16 4 43 Peak Tracking Total 12 | . 3 4 . 2 3 4 6 3 6 2 12 Tactical Retreats 18 | . . 8 . . 1 . 1 1 2 . 5 Traps | -11 -10 -10 -10 -9 -8 -7 -6 -6 -5 -4 -3 ------- Run | Yrd Mat Min Exi Min Mat Fac Fac Ext Fac Fac Res Traps Triggered 9 | . . . . . . 1 4 1 1 . 2 Indirectly . | . . . . . . . . . . . . Trap Hack Attempts . | . . . . . . . . . . . . Triggered . | . . . . . . . . . . . . Disarmed 8 | . . . . . 4 . . . . . 4 Reprogrammed . | . . . . . . . . . . . . Reused . | . . . . . . . . . . . . Traps Extracted . | . . . . . . . . . . . . Installed . | . . . . . . . . . . . . Triggered . | . . . . . . . . . . . . Machines | -11 -10 -10 -10 -9 -8 -7 -6 -6 -5 -4 -3 ---------- Run | Yrd Mat Min Exi Min Mat Fac Fac Ext Fac Fac Res Machines Disabled 9 | . . . . . 1 . 2 4 1 . 1 Max in Single Turn 2 | . . . . . 1 . 2 2 1 . 1 Garrison Access 1 | . . . . . . . . . . . 1 Machines Repaired . | . . . . . . . . . . . . Machines Dismantled . | . . . . . . . . . . . . Machines Sabotaged . | . . . . . . . . . . . . Overloaded Fab Kills . | . . . . . . . . . . . . Hacking | -11 -10 -10 -10 -9 -8 -7 -6 -6 -5 -4 -3 --------- Run | Yrd Mat Min Exi Min Mat Fac Fac Ext Fac Fac Res Machines Accessed 64 | . 3 . 1 . 1 6 20 12 4 5 12 Terminals 42 | . 2 . . . 1 3 9 12 4 3 8 Fabricators 8 | . . . . . . 1 4 . . 1 2 Repair Stations 5 | . . . . . . 1 2 . . 1 1 Recycling Units 4 | . 1 . . . . . 3 . . . . Scanalyzers 3 | . . . . . . 1 2 . . . . Garrison Access 1 | . . . . . . . . . . . 1 Total Hacks 155 | . 10 . 1 . 4 13 47 25 10 12 33 Successful 108 | . 7 . 1 . 4 10 37 16 6 8 19 Failed 47 | . 3 . . . . 3 10 9 4 4 14 Catastrophic 7 | . . . . . . 1 . 2 2 . 2 Database Lockouts . | . . . . . . . . . . . . Manual 59 | . 4 . 2 . 1 3 13 6 6 5 19 Terminals 107 | . 6 . . . 4 5 22 25 10 7 28 Fabricators 11 | . . . . . . 2 6 . . 1 2 Repair Stations 11 | . . . . . . 2 4 . . 4 1 Recycling Units 13 | . 4 . . . . . 9 . . . . Scanalyzers 10 | . . . . . . 4 6 . . . . Garrison Access 2 | . . . . . . . . . . . 2 Terminal Hacks 43 | . 2 . 1 . 3 1 9 11 3 3 10 Record 16 | . . . . . . 1 3 4 1 2 5 Robot Analysis 2 | . . . . . . . 1 . . . 1 Open Door 7 | . . . . . . . . 7 . . . Open DSF 1 | . . . . . . . 1 . . . . Level Access Points 2 | . . . . . . . . . 1 . 1 Branch Access Points 2 | . 1 . . . . . 1 . . . . Alert Level 1 | . . . . . . . 1 . . . . Unreport Threat 3 | . . . . . . . 1 . . 1 1 Locate Traps 1 | . . . . . 1 . . . . . . Disarm Traps 2 | . . . . . 1 . . . . . 1 Surveillance Status 1 | . . . . . 1 . . . . . . Recall Investigation 2 | . . . . . . . 1 . 1 . . Zone Layout 2 | . 1 . . . . . . . . . 1 Proto ID Catalog 1 | . . . 1 . . . . . . . . Fabricator Hacks 8 | . . . . . . 2 4 . . 1 1 Network Status 1 | . . . . . . 1 . . . . . Load Schematic 1 | . . . . . . . 1 . . . . Build 6 | . . . . . . 1 3 . . 1 1 Repair Station Hacks 7 | . . . . . . 2 3 . . 2 . Scan Component 4 | . . . . . . 1 2 . . 1 . Repair 3 | . . . . . . 1 1 . . 1 . Recycling Unit Hacks 11 | . 3 . . . . . 8 . . . . Process 3 | . 1 . . . . . 2 . . . . Report Inventory 4 | . 1 . . . . . 3 . . . . Retrieve Matter 3 | . 1 . . . . . 2 . . . . Retrieve Components 1 | . . . . . . . 1 . . . . Scanalyzer 9 | . . . . . . 3 6 . . . . Insert Component 6 | . . . . . . 2 4 . . . . Analyze 3 | . . . . . . 1 2 . . . . Garrison Access Hacks 1 | . . . . . . . . . . . 1 Seal Access 1 | . . . . . . . . . . . 1 Unauthorized Hacks 29 | . 2 . . . 1 2 7 5 3 2 7 Terminals 29 | . 2 . . . 1 2 7 5 3 2 7 Botnet 29 | . 2 . . . 1 2 7 5 3 2 7 Fabricators . | . . . . . . . . . . . . Repair Stations . | . . . . . . . . . . . . Recycling Units . | . . . . . . . . . . . . Scanalyzers . | . . . . . . . . . . . . Garrison Access . | . . . . . . . . . . . . Data Cores Recovered 3 | . . . . . . . . 1 1 . 1 Used 1 | . . . . . . . . . . . 1 Hacking Detections 54 | . 2 . . . 1 6 17 8 4 5 11 Full Trace Events 8 | . 1 . . . . 1 4 1 . . 1 Feedback Events 2 | . . . . . . 1 1 . . . . Corruption 2 | . . . . . . 1 1 . . . . Feedback Blocked . | . . . . . . . . . . . . Robot Schematics Acquired . | . . . . . . . . . . . . Robots Built 2 | . . . . . . . . . . . 2 Authchips . | . . . . . . . . . . . . Time 27 | . . . . . . . . . . . 27 Total Robot Build Rating 2 | . . . . . . . . . . . 2 Part Schematics Acquired 2 | . . . . . . . 2 . . . . Parts Built 8 | . . . . . . 2 5 . . 1 . Authchips . | . . . . . . . . . . . . Time 412 | . . . . . . 117 202 . . 93 . Total Part Build Rating 55 | . . . . . . 14 34 . . 7 . Parts Repaired 3 | . . . . . . 1 1 . . 1 . Time 75 | . . . . . . 25 22 . . 28 . Parts Recycled . | . . . . . . . . . . . . Recycled Matter 335 | . 4 . . . . . 331 . . . . Retrieved Matter 335 | . 4 . . . . . 331 . . . . Retrieved Components 3 | . . . . . . . 3 . . . . Parts Scanalyzed 3 | . . . . . . 1 2 . . . . Part Schematics Acquired 2 | . . . . . . . 2 . . . . Parts Damaged . | . . . . . . . . . . . . Bothacking | -11 -10 -10 -10 -9 -8 -7 -6 -6 -5 -4 -3 ------------ Run | Yrd Mat Min Exi Min Mat Fac Fac Ext Fac Fac Res Used RIF Installer . | . . . . . . . . . . . . Robots Hacked 1 | . . . . . . . 1 . . . . Non-combat 1 | . . . . . . . 1 . . . . Combat . | . . . . . . . . . . . . Robot Hacks Applied 1 | . . . . . . . 1 . . . . parse_system 1 | . . . . . . . 1 . . . . Relay Couplers Released . | . . . . . . . . . . . . Fabnet Peak Effective % . | . . . . . . . . . . . . Robots Rewired 3 | . . . . . . . 3 . . . . Allies Hacked . | . . . . . . . . . . . . Hacks Repelled . | . . . . . . . . . . . . Allies | -11 -10 -10 -10 -9 -8 -7 -6 -6 -5 -4 -3 -------- Run | Yrd Mat Min Exi Min Mat Fac Fac Ext Fac Fac Res Total Allies 17 | . . 2 . . . . 3 10 . . 2 Largest Group 9 | . . 2 . . . . 2 9 9 . 2 Highest-Rated Group 401 | . . 45 . . . . 41 401 393 . 16 Highest-Rated Ally 159 | . . 31 . . . . 40 159 159 . 8 Total Orders . | . . . . . . . . . . . . Ally Attacks 140 | . . 6 . . . . 23 57 54 . . Total Damage 2464 | . . 42 . . . . 275 1103 1044 . . Kills 21 | . . 2 . . . . 1 9 9 . . Allies Corrupted 2 | . . . . . . . 2 . . . . Allies Melted . | . . . . . . . . . . . . Intel | -11 -10 -10 -10 -9 -8 -7 -6 -6 -5 -4 -3 ------- Run | Yrd Mat Min Exi Min Mat Fac Fac Ext Fac Fac Res Active Infowar (turns) 8619 | 260 203 1112 619 566 38 . 3351 607 560 222 1081 Sensors 1060 | . . . . 403 38 . . 573 46 . . Terrain 237 | . . . . . . . . . . . 237 Structural 9 | 9 . . . . . . . . . . . Seismic 2348 | 251 203 1112 619 163 . . . . . . . Cloaking 713 | . . . . . . . . . . . 713 Jamming 5560 | . . . . . . . 3351 602 547 222 838 Robot Analysis Total 2 | . . . . . . . 1 . . . 1 Derelict Logs Recovered 1 | . . 1 . . . . . . . . . Drone Launches . | . . . . . . . . . . . . Drone Recoveries . | . . . . . . . . . . . . Exploration | -11 -10 -10 -10 -9 -8 -7 -6 -6 -5 -4 -3 ------------- Run | Yrd Mat Min Exi Min Mat Fac Fac Ext Fac Fac Res Turns Passed 11998 | 342 203 1117 619 566 728 1799 3919 634 560 251 1260 Spaces Moved 8477 | 76 148 748 615 535 274 569 1926 972 932 538 1144 Core 52 | 7 . . . . . . 1 . . . 44 Treads . | . . . . . . . . . . . . Legs 2599 | 69 148 210 . . 274 569 1329 . . . . Wheels 1688 | . . 538 615 535 . . . . . . . Hover . | . . . . . . . . . . . . Flight 4138 | . . . . . . . 596 972 932 538 1100 Fastest Speed 23 | 50 120 90 100 100 120 120 26 23 23 25 28 Average Speed 78 | 121 120 104 100 100 120 121 120 24 24 29 42 Slowest Speed 800 | 250 120 120 100 100 120 125 800 101 105 113 270 Overloaded Moves . | . . . . . . . . . . . . Propulsion Burnouts . | . . . . . . . . . . . . Robots Hopped 45 | . . . . . . . . 10 13 7 15 Potential Cave-ins 18 | . . . . . . . . 2 . . 16 Cave-ins Triggered 6 | . . . . . . . 2 . . . 4 Exploration Rate (%) 46 | 6 33 99 93 88 27 18 46 69 25 11 41 Regions Visited 11 Branch Regions 4 Pre-discovered Areas 1 | . . 1 . . . . . . . . . Known Exits Taken 11 | 1 1 1 1 1 1 1 1 1 1 1 . Unknown Exits Taken . | . . . . . . . . . . . . Scrap Searched 2 | . . 1 . 1 . . . . . . . Spaces Dug 21 | . . . . . . . . . . . 21 Terrain Destroyed 309 | . . . . 2 14 . 67 59 . . 167 Melee 15 | . . . . . . . . . . . 15 Projectile 13 | . . . . 2 . . 1 2 . . 8 AOE 281 | . . . . . 14 . 66 57 . . 144 Terrain Rammed . | . . . . . . . . . . . . Walls Destroyed . | . . . . . . . . . . . . Machines Disabled . | . . . . . . . . . . . . Actions | -11 -10 -10 -10 -9 -8 -7 -6 -6 -5 -4 -3 --------- Run | Yrd Mat Min Exi Min Mat Fac Fac Ext Fac Fac Res Total 13212 | 309 159 960 620 568 667 1623 3366 1348 1219 616 1757 Wait 3936 | 212 . 123 . 19 350 973 1218 314 235 50 442 Move 8375 | 75 147 747 614 534 273 568 1925 951 905 523 1113 Hop 44 | . . . . . . . . 10 13 7 14 Pick Up 70 | 3 2 10 . 4 7 10 13 7 3 3 8 Fast Attach 112 | 9 . 1 2 1 6 11 33 5 9 7 28 Attach 72 | . 1 3 . . 7 2 13 11 9 3 23 Detach 78 | 2 . . 2 1 7 3 10 10 15 5 23 Swap 53 | 1 . 6 . 2 2 5 18 3 4 2 10 Drop 136 | . 1 6 2 7 8 20 39 12 9 11 21 Fire 258 | 7 8 60 . . 6 29 85 7 9 5 42 Melee 46 | . . . . . . . . 7 8 . 31 Ram 1 | . . . . . . . 1 . . . . Kick 10 | . . 2 . . 1 2 5 . . . . Crush . | . . . . . . . . . . . . Escape Stasis 13 | . . . . . . . . 11 . . 2 Rewire 8 | . . 2 . . . . 6 . . . . Trap . | . . . . . . . . . . . . Miscellaneous . | . . . . . . . . . . . . Route ------- -11/Scrapyard -10/Materials (discovered 2 exits: *Min x2) -10/Mines (discovered 4 exits: *Mat x2 / *Exi / *Sub) -10/Exiles (discovered 2 exits: *Min x2) -9/Mines (discovered 2 exits: *Mat x2) -8/Materials -7/Factory -6/Factory (discovered 4 exits: Low x2 / *Ext x2) -6/Extension -5/Factory (discovered 5 exits: *Fac x4 / *Upp) -4/Factory -3/Research (discovered 3 exits: Res x3) History --------- Turn | Location | Event 32 | -11/Scrapyard | Identified exit to Materials 32 | -11/Scrapyard | Discovered exit to Materials (range 15) 343 | -11/Scrapyard | Entered Materials 343 | -10/Materials | Evolved 1 slot: Utility x1 364 | -10/Materials | Build established: Hacker-Mutant 415 | -10/Materials | Identified exit to Mines 546 | -10/Materials | Entered Mines 603 | -10/Mines | Identified exit to Materials 603 | -10/Mines | Discovered exit to Materials (range 9) 715 | -10/Mines | Assembled infested the area 720 | -10/Mines | Assisted by a Guerilla fighting off Assembled 761 | -10/Mines | Discovered exit to Materials (range 8) 1064 | -10/Mines | A weapon hastily lodged in a ceiling crevice suddenly fell to the ground 1206 | -10/Mines | Learned location of Zion (-6) 1345 | -10/Mines | Received a Rocket Launcher from a helpful Derelict 1529 | -10/Mines | Identified exit to Subcaves 1529 | -10/Mines | Discovered exit to Subcaves (range 6) 1608 | -10/Mines | Core integrity fell below 50% 1657 | -10/Mines | Deemed a non-threat by the Exiles lab entrance 1657 | -10/Mines | Identified exit to Exiles 1657 | -10/Mines | Discovered exit to Exiles (range 5) 1663 | -10/Mines | Entered Exiles 1680 | -10/Exiles | Identified exit to Mines 1680 | -10/Exiles | Discovered exit to Mines (range 15) 1715 | -10/Exiles | Met 8R-AWN 1729 | -10/Exiles | Met EX-HEX 1766 | -10/Exiles | Met EX-BIN 1779 | -10/Exiles | Aligned with FarCom system 1780 | -10/Exiles | Given EX-Vault access code 1821 | -10/Exiles | Opened EX-Vault 1832 | -10/Exiles | Found AWS/Thermal 1855 | -10/Exiles | Warned to stay clear of 0b10 Research branches 1887 | -10/Exiles | Met EX-DEC 1983 | -10/Exiles | Discovered exit to Mines (range 14) 2055 | -10/Exiles | Visited The Gauntlet 2282 | -10/Exiles | Left Exiles lab with AWS/Thermal 2282 | -10/Exiles | Entered Mines 2331 | -9/Mines | Identified exit to Materials 2331 | -9/Mines | Discovered exit to Materials (range 14) 2341 | -9/Mines | Met a Derelict bent on vengeance 2440 | -9/Mines | Found a damaged Exp. Sensor Array with a note attached 2445 | -9/Mines | Found Prototype Device 2445 | -9/Mines | Identified Exp. Sensor Array 2455 | -9/Mines | Found a hidden stash of uninstalled traps 2554 | -9/Mines | Discovered exit to Materials (range 10) 2741 | -9/Mines | Build established: Hacker-Skirmisher 2848 | -9/Mines | Entered Materials 2848 | -8/Materials | Evolved 4 slots: Propulsion x2, Utility x2 3202 | -8/Materials | Build established: Hacker-Mutant 3558 | -8/Materials | Identified exit to Factory 3558 | -8/Materials | Discovered exit to Factory (range 10) 3576 | -8/Materials | Entered Factory 3576 | -7/Factory | Evolved 2 slots: Power x1, Utility x1 3750 | -7/Factory | Fabricated Impulse Thruster (x2) 4885 | -7/Factory | Repaired Cld. Ion Engine 5359 | -7/Factory | Identified exit to Factory 5359 | -7/Factory | Discovered exit to Factory (range 10) 5375 | -7/Factory | Entered another Factory area 5375 | -6/Factory | Evolved 2 slots: Propulsion x2 5937 | -6/Factory | Fabricated Imp. Transmission Jammer (x2) 6550 | -6/Factory | Identified exit to Lower Caves 6550 | -6/Factory | Identified exit to Extension 7479 | -6/Factory | Fabricated Fusion Bomb Launcher (x1) 7809 | -6/Factory | Repaired Remote Datajack 8761 | -6/Factory | Fabricated Impulse Thruster (x2) 9214 | -6/Factory | Crushed by falling debris 9215 | -6/Factory | Crushed by falling debris 9246 | -6/Factory | Lost 3 parts (1p1n1u) 9294 | -6/Factory | Entered Extension 9341 | -6/Extension | Spotted B-75 Beast 9426 | -6/Extension | Rescued a captive Derelict 9427 | -6/Extension | Rescued a captive Derelict 9474 | -6/Extension | Rescued a captive Derelict 9475 | -6/Extension | Rescued a captive Derelict 9556 | -6/Extension | Rescued a captive Derelict 9556 | -6/Extension | Rescued a captive Derelict 9604 | -6/Extension | Rescued a captive Derelict 9605 | -6/Extension | Rescued a captive Derelict 9611 | -6/Extension | Rescued A7 9684 | -6/Extension | Destroyed B-75 Beast 9693 | -6/Extension | Rescued a captive Derelict 9697 | -6/Extension | Spotted B-75 Beast 9702 | -6/Extension | Identified exit to Factory 9702 | -6/Extension | Discovered exit to Factory (range 3) 9710 | -6/Extension | Allies destroyed B-75 Beast 9928 | -6/Extension | Entered Factory 9928 | -5/Factory | Accompanied by 9 allies (A7) 9928 | -5/Factory | Evolved 2 slots: Power x1, Weapon x1 10123 | -5/Factory | Spotted B-75 Beast 10198 | -5/Factory | AWS/Thermal suddenly broke down 10241 | -5/Factory | Identified exit to Upper Caves 10241 | -5/Factory | Discovered exit to Upper Caves (range 5) 10250 | -5/Factory | Identified exit to Factory 10295 | -5/Factory | Build established: Hacker-Sprinter 10488 | -5/Factory | Entered another Factory area 10488 | -4/Factory | Evolved 2 slots: Utility x2 10583 | -4/Factory | Repaired Imp. Transmission Jammer 10603 | -4/Factory | Fabricated Adv. Variable Charge Gun? 10691 | -4/Factory | Identified exit to Research 10691 | -4/Factory | Discovered exit to Research (range 15) 10739 | -4/Factory | Entered Research 10739 | -3/Research | Evolved 2 slots: Utility x2 10779 | -3/Research | Identified exit to Research 10862 | -3/Research | Spotted B-86 Titan 11028 | -3/Research | Fabricated R-06 Scavenger (x2) 11253 | -3/Research | Build established: Scavenger-Mutant 11536 | -3/Research | Crushed by falling debris 11536 | -3/Research | Crushed by falling debris 11552 | -3/Research | Crushed by falling debris 11577 | -3/Research | Crushed by falling debris 11577 | -3/Research | System corruption reached 10% 11608 | -3/Research | Lost 10 parts (2p6u2w) 11699 | -3/Research | Spotted B-86 Titan 11893 | -3/Research | Lost 10 parts (2p2n3u3w) 11911 | -3/Research | Core integrity fell below 50% 11931 | -3/Research | Lost 5 parts (1p1n2u1w) 11990 | -3/Research | Lost 3 parts (2n1w) 11992 | -3/Research | Core integrity fell below 20% 11999 | -3/Research | Destroyed by S-43 Plague with Heavy Machine Gun Last Messages --------------- 11933_ System corrupted: Slammed into wall. 11934_ Door malfunctions. 11949_ System corrupted: Component data lost. 11953_ Hvy. Dispersion Rifle destroyed. 11953_ P-80 Master repels hacking attempt. 11956_ Q-thruster destroyed. 11959_ Diametric Drive destroyed. 11971_ |P/9&69OS7RO2LE=XBHI 11998_ Door malfunctions. 11998_ A bubble of electromagnetic force engulfs the area. 11998_ Gamma Bomb Trap short circuited. 11998_ S-43 Plague destroyed. 11998_ A bubble of electromagnetic force engulfs the area. 11998_ Gamma Bomb Trap short circuited. 11998_ A bubble of electromagnetic force engulfs the area. Map ----- +----------------------------------------------------+ | ????????########+##### #??####### #????????? | | ???????????????#?????# #????????# #????????? | | ?????????????????????# ########## #????????? | | ?????????????????????# # # ########## | | ?????????????????????# # # # | | ?????????????????????# #""" # # | | ?????????????????????# #"""" # # "" | | ?????????????????????# #"""" + # "" | | ????????############## # """ # / "" | | ????????# # p # # # "" | | ????????# g # k # # # " | | ????????# # # # # "T "" | | ????????# # ######/### # "" "" | | ????????# # p # "" "" | | ????????# + # | | ????????# # # | | ????????# # ########## | | ????????# # ss###############????????# | | ????????#% # *%# #????????# | | ????????# # [# #????????# | | ????????# ! # !* #????????# | | ????????############## # *= #????????# | | ?????????????????????# # * #???????? | | ?????????????????????# #? #???????? | | ?????????????????????# #?#############???????? | | ?????????????????????# @#?????????????????????? | | ?????????????????????# #?????????????????????? | | ??????????????????? ;??????????????????????# | | ???????????????? ! # #??????????????????????? | | ?????????????? # k#??????????????????????? | | ???????????? ?# #??????????????????????? | | ???????????? ??# #??????????????????????? | | ????????????######???# #??????????????????????? | | ?????????????????????# #??????????????????????? | | ?????????????????????+ ???????????????????????? | | ?????????????????????# ???????????????????????? | | ?????????????????????# ???????????????????????? | | ?????????????????????# ???????????????????????? | | ?????????????????????#####???????????????????????? | | ?????????????????????????????????????????????????? | | ?????????????????????????????????????????????????? | | ?????????????????????????????????????????????????? | | ???????????????????????????BB????????????????????? | | ???????????????????????????BB????????????????????? | | ?????????????????????????????????????????????????? | | ?????????????????????????????????????????????????? | | ?????????????????????????????????????????????????? | | ?????????????????????????????????????????????????? | | ?????????????????????????????????????????????????? | | ?????????????????????????????????????????????????? | +----------------------------------------------------+ Best States ------------- Heat Dissipation 92 Energy Generation 45 Energy Capacity 990 Matter Stores 300 Matter Capacity 300 Sight Range 16 Robot Scan Range 20 Terrain Scan Range 14 Terrain Scan Density 10 Jamming Range 16 Cloak Strength 3 Power Amplification 20 Additional Mass Support 9 Armor Coverage 450 Resistance: KI 35 Resistance: TH 35 Resistance: EX 60 Resistance: EM 35 Resistance: I 35 Resistance: S 35 Resistance: P 35 Core Shielding 20 Propulsion Shielding 66 Point Defense Rating 240 Evasion (%) 65 Target Analysis 12 Offensive Hacking 44 Item Schematics ----------------- Cld. Cesium-ion Thruster | -6/Factory | Scanalyzed Impulse Thruster | -6/Factory | Scanalyzed Robot Schematics ------------------ None Fabricated ------------ Impulse Thruster | x2 | -7/Factory | Preloaded Imp. Transmission Jammer | x2 | -6/Factory | Preloaded Fusion Bomb Launcher | x1 | -6/Factory | Preloaded Impulse Thruster | x2 | -6/Factory Adv. Variable Charge Gun | x1 | -4/Factory | Preloaded R-06 Scavenger | x2 | -3/Research | Preloaded Repaired ---------- Cld. Ion Engine | 30% | -7/Factory Remote Datajack | 52% | -6/Factory Imp. Transmission Jammer | 28% | -4/Factory Alien Tech Used ----------------- None Achievements -------------- Can't Catch Me Exterminator GoHome() Just What I Needed My Command Is Your Wish No Signal Origins Part-time Excavator Prison Break Prolific Hacker Total Silence Challenges ------------ None Game ------ Seed OvertunedSuspensionActivator Manual? 0 Play Time 02:42:18 Cumulative 22.9 hours Start 2025.10.19 @ 17:03:53 End 2025.10.20 @ 00:08:55 Sessions 3 Manual Loads 0 Difficulty Explorer Special Mode None Game No. 35 Rogue 12 Adventurer 18 Explorer 5 Win Type - Total 0 Types 0/0/0/0/0/0/0/0/0/0 Lore% 16 Gallery% 35 Achievement% 34 Wizard Run 0 Options --------- Layout 0 ASCII 0 Keyboard 1 Movement Numpad Keybinds 0 Fullscreen 1 Font 18/X11 Map View 76x50 Zoom Use 0% Tactical HUD 1 Map Filters NONE Filters NONE Steam 1 RUN: 94fbcbae-ec00-4ba1-b501-f5b7e8a102b1